 Dungeon Crawl Stone Soup version 0.19.5 (webtiles) character file.

9849 siprus the Envoy of Void (level 11, -12/112 HPs)
             Began as a Demonspawn Abyssal Knight on May 14, 2017.
             Was a High Priest of Lugonu.
             Mangled by a minotaur
             ... wielding a +2 lightning rod (0/12)
              (21 damage)
             ... in a labyrinth.
             The game lasted 00:35:35 (8160 turns).

siprus the Envoy of Void (DsAK)                     Turns: 8160, Time: 00:35:35

Health: -12/112    AC: 25    Str: 20    XL:     11   Next: 28%
Magic:  21/21      EV: 10    Int:  9    God:    Lugonu [*****.]
Gold:   664        SH: 17    Dex: 18    Spells: 0 memorised, 10 levels left

rFire  . . .     SeeInvis .     B - +5 hand axe "Spiderbane" {chop, rC++ rN++ Int-5}
rCold  + + .     Gourm    +     O - +2 plate armour {rN+}
rNeg   + + +     Faith    .     u - +1 large shield
rPois  .         Spirit   .     R - +1 hat
rElec  .         Reflect  .     (no cloak)
rCorr  .         Harm     .     H - +2 pair of gloves
MR     +....                    I - +1 pair of boots {Stlth+}
Stlth  ..........               K - amulet of the gourmand
                                s - ring of protection from magic
                                m - +2 ring of evasion

@: mighty, agile, berserking (expiring), very quick
A: horns 2, iridescent scales 2, powered by pain 2, spiny 1
a: Depart the Abyss, Bend Space, Banish, Corrupt, Enter the Abyss, Renounce
Religion


You were in a labyrinth.
You worshipped Lugonu.
Lugonu was extremely pleased with you.
You were very full.

You visited 4 branches of the dungeon, and saw 14 of its levels.
You visited the Abyss 1 time.
You also visited: Labyrinth.

You collected 664 gold pieces.

Inventory:

Hand Weapons
 B - the +5 hand axe "Spiderbane" (weapon) {chop, rC++ rN++ Int-5}
   (You found it on level 5 of the Dungeon)

   It inflicts extra damage upon your enemies.
   It affects your intelligence (-5).
   It greatly protects you from cold.
   It greatly protects you from negative energy.
 E - a +2 flail of protection
Armour
 j - a +0 chain mail
 u - a +1 large shield (worn)
 H - a +2 pair of gloves (worn)
 I - a +1 pair of boots of stealth (worn)
 O - a +2 plate armour of positive energy (worn)
 R - a +1 hat (worn)
Jewellery
 m - a +2 ring of evasion (left hand)
 s - a ring of protection from magic (right hand)
 A - an uncursed ring of ice
 K - an amulet of the gourmand (around neck)
Wands
 M - a wand of flame (16/48)
 S - a wand of lightning (7/15)
 T - a wand of acid (3/15)
 Y - a wand of lightning (4/15)
Scrolls
 e - 7 scrolls of identify
 f - a scroll of fear {unknown}
 g - a scroll of teleportation
 h - 2 scrolls of noise
 i - 2 scrolls of enchant armour
 p - 2 scrolls of random uselessness
 w - 3 scrolls of remove curse
 y - a scroll of immolation {unknown}
 D - 3 scrolls of enchant weapon {unknown}
 G - 2 scrolls of recharging {unknown}
 N - a scroll of magic mapping {unknown}
 U - a scroll of amnesia {unknown}
 W - 2 scrolls of blinking {unknown}
 X - a scroll of vulnerability {unknown}
Potions
 b - 2 potions of heal wounds {unknown}
 k - 2 potions of brilliance {unknown}
 l - 2 potions of mutation {unknown}
 n - a potion of degeneration {unknown}
 o - 3 potions of haste {unknown}
 q - 2 potions of resistance {unknown}
 r - 4 potions of curing
 t - 2 potions of magic {unknown}
 v - 2 potions of flight {unknown}
 x - 3 potions of lignification {unknown}
 C - 3 potions of cancellation {unknown}
 Q - a potion of ambrosia {unknown}
Books
 F - a book of Cantrips

   Spells                             Type                      Level
   a - Confusing Touch                Hexes                        1
   b - Animate Skeleton               Necromancy                   1
   c - Summon Small Mammal            Summoning                    1
   d - Apportation                    Translocation                1
 L - a Young Poisoner's Handbook

   Spells                             Type                      Level
   a - Sting                          Conjuration/Poison           1
   b - Mephitic Cloud                 Conjuration/Poison/Air       3
   c - Olgreb's Toxic Radiance        Poison                       4
   d - Alistair's Intoxication        Transmutation/Poison         5
   e - Venom Bolt                     Conjuration/Poison           5
 P - a book of Conjurations

   Spells                             Type                      Level
   a - Magic Dart                     Conjuration                  1
   b - Searing Ray                    Conjuration                  2
   c - Dazzling Spray                 Conjuration/Hexes            3
   d - Fulminant Prism                Conjuration/Hexes            4
   e - Iskenderun's Mystic Blast      Conjuration                  4
   f - Iskenderun's Battlesphere      Conjuration/Charms           5
Comestibles
 c - 9 bread rations
 d - 5 beef jerkies
 z - 3 meat rations
 J - a royal jelly
 V - 4 fruits
 Z - 2 slices of pizza


   Skills:
 + Level 3.3 Fighting
 * Level 9.4 Maces & Flails
 + Level 6.9 Armour
 - Level 1.1 Dodging
 + Level 6.4 Shields
 * Level 13.3 Invocations
 + Level 0.6 Evocations


You had 10 spell levels left.
You didn't know any spells.

Dungeon Overview and Level Annotations

Branches:
Dungeon (11/15)            Temple (1/1) D:7            Lair (1/6) D:11
    Orc (1/2) D:9

Altars:
Ashenzari
Cheibriados
Dithmenos
Elyvilon
Fedhas
Gozag
Hepliaklqana
Kikubaaqudgha
Makhleb
Nemelex Xobeh
Okawaru
Qazlal
Ru
Sif Muna
Trog
Uskayaw
Vehumet
Xom
Yredelemnul
Zin
The Shining One

Shops:
D:6 }

Annotations:
D:8 2 runed doors, Joseph
Abyss:1 Josephine


Innate Abilities, Weirdness & Mutations

You have a pair of horns on your head.
You are mostly covered in iridescent scales. (AC +4)
You sometimes gain power by taking damage.
You are partially covered in sharp spines.


Message History

You slash the minotaur! You headbutt the minotaur.
The minotaur is severely wounded.
The minotaur is struck by your spines.
The minotaur hits you with a lightning rod.
* * * LOW HITPOINT WARNING * * *
You block the minotaur's attack. x2
The minotaur gores you but does no damage.
You slash the minotaur! Your headbutt misses the minotaur.
The minotaur is severely wounded.
You block the minotaur's attack.
The minotaur gores you but does no damage.
The minotaur hits you with a lightning rod!!
* * * LOW HITPOINT WARNING * * *
You focus on the pain.
You feel very mighty all of a sudden.
The minotaur gores you but does no damage.
You slash the minotaur! You headbutt the minotaur.
The minotaur is almost dead.
The minotaur hits you with a lightning rod!!
You die...

# . # .#
### ### # .
#.#... #.
#.#.# #
#.H.# #
#.#######@#
..#.......#
# #
#.#.##### .
. . ####.#
.. #...# #
# #.#####
#...#.# #
###.#.###


You could see a minotaur.

Vanquished Creatures
  Gastronok (D:10)
  An unseen horror (D:10)
  A centaur zombie (D:10)
  A spiny frog (Lair:1)
  A troll (D:10)
  2 hornets
  A hippogriff (D:9)
  A shadow (D:11)
  2 wraiths (D:10)
  A wyvern (D:11)
  A steam dragon (D:10)
  Edmund (D:4)
  2 water moccasins (D:10)
  A black bear (D:9)
  A sky beast (D:8)
  A necrophage (D:10)
  An ice beast (D:10)
  7 ogres
  3 phantoms
  4 centaurs
  2 crocodiles (Lair:1)
  5 bullfrogs
  A wyvern skeleton (D:11)
  3 scorpions
  A troll zombie (D:9)
  4 howler monkeys (D:8)
  4 crimson imps
  A quasit (D:9)
  A jelly (D:4)
  A hound (D:9)
  6 orc wizards
  3 orc priests
  2 bullfrog skeletons
  2 centaur skeletons
  3 iguanas
  10 worker ants
  5 hell rats
  5 ogre zombies (D:9)
  3 hound skeletons
  A worker ant zombie (D:5)
  14 adders
  6 river rats
  5 shadow imps
  3 oozes
  2 adder skeletons
  2 worms (D:3)
  A dart slug (D:3)
  8 leopard geckos
  34 orcs
  7 giant cockroaches
  8 goblins
  9 hobgoblins
  2 jackals (D:9)
  7 kobolds
  5 quokkas
  2 ball pythons
  14 bats
  4 goblin zombies (D:9)
  A hobgoblin skeleton (D:9)
  2 hobgoblin zombies (D:9)
  A leopard gecko skeleton (D:7)
  A leopard gecko zombie (D:5)
  2 orc skeletons (D:9)
  10 orc zombies (D:9)
  37 rats
284 creatures vanquished.

Vanquished Creatures (others)
  A cyclops (D:10)
  2 wraiths (D:10)
  2 hungry ghosts
  An ice beast (D:9)
  A crimson imp (D:4)
7 creatures vanquished.

Grand Total: 291 creatures vanquished

Notes
Turn   | Place    | Note
-------+----------+-------------------------------------------
     0 | Abyss:1  | siprus the Demonspawn Abyssal Knight began the quest for the Orb.
     0 | Abyss:1  | Reached XP level 1. HP: 18/18 MP: 2/2
    29 | D:1      | Escaped the Abyss
    88 | D:1      | Reached skill level 1 in Dodging
   179 | D:1      | Gained mutation: You sometimes gain a little power by taking damage. [demonic ancestry]
   179 | D:1      | Reached XP level 2. HP: 23/24 MP: 4/4
   411 | D:1      | Reached ** piety under Lugonu
   413 | D:1      | Reached skill level 3 in Invocations
   630 | D:2      | Gained mutation: You are partially covered in iridescent scales. (AC +2) [demonic ancestry]
   630 | D:2      | Reached XP level 3. HP: 29/29 MP: 5/5
   727 | D:2      | Found a faded altar of an unknown god.
  1126 | D:2      | Reached XP level 4. HP: 26/35 MP: 6/6
  1137 | D:2      | Reached skill level 4 in Invocations
  1342 | D:3      | Reached skill level 1 in Shields
  1362 | D:3      | Found a sacrificial altar of Ru.
  1373 | D:3      | Gained mutation: You have a pair of small horns on your head. [demonic ancestry]
  1373 | D:3      | Reached XP level 5. HP: 40/41 MP: 8/8
  1481 | D:3      | Reached *** piety under Lugonu
  1493 | D:3      | Reached skill level 5 in Invocations
  2031 | D:4      | Reached XP level 6. HP: 46/47 MP: 10/10
  2047 | D:4      | Noticed Edmund
  2126 | D:4      | Killed Edmund
  2126 | D:4      | Reached skill level 6 in Invocations
  2130 | D:4      | Reached **** piety under Lugonu
  2146 | D:5      | Entered Level 5 of the Dungeon
  2306 | D:4      | Gained mutation: You have a pair of horns on your head. [demonic ancestry]
  2306 | D:4      | Reached XP level 7. HP: 31/52 MP: 11/11
  2369 | D:4      | Found a glowing golden altar of the Shining One.
  2370 | D:4      | Found a stormy altar of Qazlal.
  2371 | D:4      | Found a snail-covered altar of Cheibriados.
  3055 | D:5      | Reached skill level 7 in Invocations
  3075 | D:5      | Found a deep blue altar of Sif Muna.
  3139 | D:5      | Got a slimy hand axe
  3140 | D:5      | Identified the +5 hand axe "Spiderbane" {chop, rC++ rN++ Int-5} (You found it on level 5 of the Dungeon)
  3726 | D:6      | Found Lixaisak's Gadget Emporium.
  3827 | D:6      | Gained mutation: You sometimes gain power by taking damage. [demonic ancestry]
  3827 | D:6      | Reached XP level 8. HP: 54/58 MP: 13/13
  3964 | D:6      | Found a bloodstained altar of Trog.
  3974 | D:6      | Reached skill level 8 in Invocations
  3999 | D:6      | Reached skill level 5 in Maces & Flails
  4492 | D:6      | Reached ***** piety under Lugonu
  4508 | D:7      | Reached skill level 9 in Invocations
  4526 | D:7      | Found a staircase to the Ecumenical Temple.
  4543 | Temple   | Entered the Ecumenical Temple
  4770 | D:7      | Got a shimmering long sword
  4771 | D:7      | Identified the cursed +1 long sword of Greed {slice, Stlth+} (You found it on level 7 of the Dungeon)
  4820 | D:8      | Noticed a hippogriff
  4825 | D:8      | Noticed Joseph
  4881 | D:8      | Found a large runed door.
  4881 | D:8      | Found a large runed door.
  4947 | D:8      | Reached XP level 9. HP: 56/64 MP: 16/16
  5258 | D:7      | Reached skill level 5 in Armour
  5533 | D:7      | Reached skill level 10 in Invocations
  5644 | D:8      | Noticed a catoblepas
  5701 | D:8      | Banished a catoblepas
  5827 | D:10     | Entered Level 10 of the Dungeon
  5878 | D:10     | Noticed Gastronok
  5878 | D:10     | Noticed a troll
  5888 | D:10     | Killed a troll
  5902 | D:10     | Killed Gastronok
  5902 | D:10     | Reached skill level 5 in Shields
  5902 | D:10     | Reached skill level 11 in Invocations
  5902 | D:10     | Gained mutation: You are partially covered in sharp spines. [demonic ancestry]
  5902 | D:10     | Reached XP level 10. HP: 18/70 MP: 18/18
  6120 | D:9      | Found a staircase to the Orcish Mines.
  6239 | Orc:1    | Entered Level 1 of the Orcish Mines
  6239 | Orc:1    | Noticed an orc high priest
  6239 | Orc:1    | Noticed an orc sorcerer
  6278 | D:9      | Reached skill level 12 in Invocations
  6875 | D:10     | Noticed a cyclops
  6878 | D:10     | Banished a cyclops
  7052 | D:10     | Noticed Josephine
  7283 | D:10     | Killed an unseen horror
  7283 | D:10     | Gained mutation: You are mostly covered in iridescent scales. (AC +4) [demonic ancestry]
  7283 | D:10     | Reached XP level 11. HP: 43/75 MP: 20/20
  7285 | D:10     | Banished Josephine
  7285 | D:10     | Reached skill level 13 in Invocations
  7546 | D:11     | Paralysed by a hornet for 1 turns
  7575 | D:11     | Found a staircase to the Lair.
  7584 | Lair:1   | Entered Level 1 of the Lair of Beasts
  7798 | Lair:1   | Found a labyrinth entrance.
  7812 | Lab      | Entered a labyrinth
  8152 | Lab      | Noticed a minotaur
  8160 | Lab      | Mangled by a minotaur

Skill      XL: |  1  2  3  4  5  6  7  8  9 10 11 |
---------------+----------------------------------+-----
Armour         | 2 3 4 5 6 |  6.9
Dodging        | 1 |  1.1
Maces & Flails | 2 3 4 6 7 9 |  9.4
Invocations    | 3 4 5 6 7 9 11 12 13 | 13.3
Shields        | 1 2 3 5 6 |  6.4
Fighting       | |  3.3
Evocations     | |  0.6

Action                   |  1- 3 |  4- 6 |  7- 9 | 10-12 || total
-------------------------+-------+-------+-------+-------++-------
Melee: Mace              |    27 |       |       |       ||    27
       Dagger            |    59 |       |       |       ||    59
       Whip              |    70 |   251 |       |       ||   321
       Headbutt          |       |    39 |    51 |    53 ||   143
       Flail             |       |    51 |    59 |       ||   110
       Hand axe          |       |       |   312 |   265 ||   577
Invok: Banish            |       |       |     5 |     8 ||    13
  Use: Scroll            |       |       |     8 |     4 ||    12
       Potion            |       |       |     2 |     1 ||     3
 Stab: Petrified         |       |       |     8 |       ||     8
  Eat: Chunk             |     1 |     3 |    24 |    14 ||    42
       Fruit             |       |     1 |     2 |       ||     3
       Pizza             |       |       |     1 |       ||     1
Armor: Leather armour    |    10 |       |       |       ||    10
       Chain mail        |   136 |   130 |   184 |       ||   450
       Plate armour      |       |       |    16 |   141 ||   157
Dodge: Dodged            |    59 |    25 |    65 |    24 ||   173
Block: Large shield      |    36 |   155 |   256 |   219 ||   666
